 Dungeon Sprint DCSS version 0.18.1-48-g4cf74bf (webtiles) character file.

11900000 Joat the Axe Maniac (level 27, -21/296 (298) HPs)
             Began as a Deep Dwarf Warper on Sept 7, 2016.
             Was the Champion of Makhleb.
             Killed from afar by a scourge (64 damage)
             ... with a poison arrow
             ... in the Dungeon (Sprint VIII: "Arena of Blood").
             The game lasted 00:07:46 (119 turns).

Joat the Axe Maniac (Deep Dwarf Warper)              Turns: 119, Time: 00:07:47

HP:   -21/296 (298) AC:  6    Str: 17    XL:     27
MP:   43/54         EV: 36    Int: 16    God:    Makhleb [******]
Gold: 0             SH:  0    Dex: 21    Spells: 1 memorised, 79 levels left

rFire  . . .     SeeInvis .     m - +∞ Axe of Woe
rCold  . . .     Gourm    .     b - +0 leather armour
rNeg   + . .     Faith    .     (shield currently unavailable)
rPois  .         Spirit   .     (no helmet)
rElec  .         Dismiss  .     (no cloak)
rCorr  .         Reflect  .     (no gloves)
SustAt .         Harm     .     (no boots)
MR     ++++.     NoTele   +     (no amulet)
Stlth  +++++++++.               p - +200 ring of slaying
                                q - +250 ring of slaying

@: lethally poisoned (-21 -> -33), non-regenerating, incredibly resistant to
hostile enchantments, incredibly stealthy
A: damage resistance, recharge devices, negative energy resistance 1, sense
surroundings 3, slow regeneration 3
a: Device Recharging, Minor Destruction, Lesser Servant of Makhleb, Major
Destruction, Greater Servant of Makhleb, Renounce Religion


You were in the Dungeon.
You worshipped Makhleb.
Makhleb was exalted by your worship.
You were not hungry.

You visited 1 branch

Inventory:

Hand Weapons
 a - a +0 hand axe
 m - the +∞ Axe of Woe (weapon)
   (You found it in the Dungeon)
Missiles
 e - 5 tomahawks of dispersal (quivered)
Armour
 b - a +0 leather armour (worn)
Jewellery
 n - a +30 ring of slaying
 o - a +30 ring of slaying
 p - a +200 ring of slaying (right hand)
 q - a +250 ring of slaying (left hand)
Wands
 f - a wand of heal wounds (5/9)
Scrolls
 d - 2 scrolls of blinking
Potions
 h - a potion of curing
 i - a potion of heal wounds
 j - a potion of haste
 k - 2 potions of magic
 l - a potion of berserk rage
Books
 c - a book of Spatial Translocations

   Spells                             Type                      Level
   a - Apportation                    Translocation                1
   b - Blink                          Translocation                2
   c - Shroud of Golubria             Charms/Translocation         2
   d - Portal Projectile              Translocation                3
   e - Teleport Other                 Translocation                3
   f - Passage of Golubria            Translocation                4
Comestibles
 g - a bread ration


   Skills:
 O Level 27 Fighting
 O Level 27 Axes
 O Level 27 Throwing
 O Level 27 Armour
 O Level 27 Dodging
 O Level 27 Stealth
 O Level 27 Unarmed Combat
 O Level 27 Spellcasting
 O Level 27 Translocations
 O Level 27 Invocations
 O Level 27 Evocations


You had 79 spell levels left.
You knew the following spells:

 Your Spells              Type           Power        Failure   Level  Hunger
a - Apportation           Tloc           #######...   0%          1    None


Dungeon Overview and Level Annotations

Branches:
Dungeon (1/1)

Altars:
Makhleb


Innate Abilities, Weirdness & Mutations

You are resistant to damage.
You can recharge devices by infusing magical energy.
You resist negative energy.
You passively map a large area around you.
You do not regenerate naturally.


Message History

* * * LOW HITPOINT WARNING * * *
You hear a shout!
You slice the accursed!!
You dissect the accursed like a pig carcass.
You destroy the accursed!
Makhleb accepts your kill.
You feel better.
You feel extremely nervous for a moment...
Your body is wracked with pain!
* * * LOW HITPOINT WARNING * * *
You hear a shout! x4
You hear a shout! x5
An eight-headed meat hydra comes into view.
A meat berserker comes into view. It is wielding a +9 battleaxe.
The meat berserker shouts!
You hear a shout! x7
You hear a shout! x4
The scourge throws poison arrow at you. The poison arrow hits you!
You are poisoned.
You die...

.###))))))...#.#.#..#. *
...)%)###))........#....
......#.)).)..DO....#...
......#...^........#....
*
.......)...............
.........)#...#......#
.....S.D.#....#.....#* ,
.....D)##.S...#.....# ,
......#D))...#..@.##...
......#)..###....#......
*
...............#........
......................##
#.....####.........####
..... ,#.......####
..... ......#### .=..
....#### ### #####*


You could see an eight-headed meat hydra (wandering), a scourge and a meat
berserker (berserk).

Vanquished Creatures
  Sigmund (D)
  9 hell beasts (D)
  3 greater mummies (D)
  3 great orbs of eyes (D)
  3 wraiths (D)
  16 vampire knights (D)
  33 ogres (D)
  A lich (D)
  A hydra (D)
  74 orcs (D)
  6 phantoms (D)
  7 hill giants (D)
  2 skeletal warriors (D)
  A sea snake (D)
  7 large abominations (D)
  5 small abominations (D)
  2 crawling corpses (D)
174 creatures vanquished.

Vanquished Creatures (others)
  A crawling corpse (D)
1 creature vanquished.

Grand Total: 175 creatures vanquished

Notes
Turn   | Place    | Note
--------------------------------------------------------------
     0 | D        | Joat the Deep Dwarf Warper began the quest for the Orb.
     0 | D        | Reached XP level 1. HP: 19/19 MP: 3/3
     3 | D        | Noticed a bag of meat
     4 | D        | Noticed a bag of meat
     4 | D        | Noticed a bag of meat
     4 | D        | Became a worshipper of Makhleb the Destroyer
     5 | D        | Noticed a bag of meat
     7 | D        | Killed a bag of meat
     7 | D        | Reached skill level 27 in Axes
     7 | D        | Reached XP level 2. HP: 34/34 MP: 4/4
     7 | D        | Reached XP level 3. HP: 42/42 MP: 5/5
     7 | D        | Reached XP level 4. HP: 49/49 MP: 6/6
     7 | D        | Reached XP level 5. HP: 56/56 MP: 7/7
     7 | D        | Reached XP level 6. HP: 63/63 MP: 8/8
     7 | D        | Reached XP level 7. HP: 70/70 MP: 9/9
     7 | D        | Reached XP level 8. HP: 78/78 MP: 10/10
     7 | D        | Gained mutation: You passively map the area around you. [Deep Dwarf growth]
     7 | D        | Reached XP level 9. HP: 85/85 MP: 11/11
     7 | D        | Reached XP level 10. HP: 92/92 MP: 12/12
     7 | D        | Reached XP level 11. HP: 99/99 MP: 13/13
     8 | D        | Noticed a bag of meat
     8 | D        | Noticed a bag of meat
     8 | D        | Killed a bag of meat
     8 | D        | Reached * piety under Makhleb
     8 | D        | Reached XP level 12. HP: 136/136 MP: 14/14
     8 | D        | Killed a bag of meat
     8 | D        | Reached XP level 13. HP: 156/156 MP: 15/15
    10 | D        | Noticed a bag of meat
    10 | D        | Noticed a large bag of meat
    10 | D        | Noticed a bag of meat
    11 | D        | Noticed a bag of meat
    11 | D        | Noticed a bag of meat
    11 | D        | Noticed a meat berserker
    12 | D        | Noticed a bag of meat
    13 | D        | Noticed a large bag of meat
    13 | D        | Noticed a bag of meat
    13 | D        | Killed a bag of meat
    13 | D        | Reached ** piety under Makhleb
    13 | D        | Gained mutation: You resist negative energy. [Deep Dwarf growth]
    13 | D        | Reached XP level 14. HP: 172/172 MP: 16/16
    13 | D        | Killed a bag of meat
    13 | D        | Killed a bag of meat
    13 | D        | Reached *** piety under Makhleb
    13 | D        | Reached skill level 27 in Fighting
    13 | D        | Reached XP level 15. HP: 190/190 MP: 17/17
    16 | D        | Noticed a meat berserker
    18 | D        | Noticed a meat berserker
    18 | D        | Killed a meat berserker
    18 | D        | Reached XP level 16. HP: 200/200 MP: 18/18
    18 | D        | Reached **** piety under Makhleb
    20 | D        | Noticed a meat berserker
    20 | D        | Killed a meat berserker
    20 | D        | Reached XP level 17. HP: 208/208 MP: 19/19
    21 | D        | Reached ***** piety under Makhleb
    21 | D        | Reached skill level 27 in Armour
    21 | D        | Reached skill level 27 in Dodging
    22 | D        | Noticed a meat berserker
    23 | D        | Noticed a meat berserker
    23 | D        | Killed a meat berserker
    23 | D        | Reached skill level 27 in Stealth
    23 | D        | Gained mutation: You passively map a large area around you. [Deep Dwarf growth]
    23 | D        | Reached XP level 18. HP: 218/218 MP: 19/28
    24 | D        | Noticed a meat berserker
    24 | D        | Killed a large bag of meat
    24 | D        | Killed a meat berserker
    24 | D        | Reached XP level 19. HP: 194/226 MP: 19/35
    25 | D        | Reached ****** piety under Makhleb
    25 | D        | Reached skill level 27 in Invocations
    25 | D        | Reached skill level 27 in Evocations
    26 | D        | Noticed a destroyer
    26 | D        | Noticed a meat berserker
    26 | D        | Noticed a destroyer
    27 | D        | Killed a meat berserker
    27 | D        | Reached skill level 10 in Throwing
    27 | D        | Reached skill level 10 in Unarmed Combat
    28 | D        | Noticed a meat berserker
    28 | D        | Killed a meat berserker
    28 | D        | Reached XP level 20. HP: 236/236 MP: 19/37
    28 | D        | Reached skill level 15 in Throwing
    28 | D        | Reached skill level 15 in Unarmed Combat
    29 | D        | Noticed a meat berserker
    30 | D        | Killed a meat berserker
    30 | D        | Killed a meat berserker
    30 | D        | Reached XP level 21. HP: 244/244 MP: 20/43
    33 | D        | Noticed a destroyer
    33 | D        | Reached skill level 27 in Translocations
    33 | D        | Reached XP level 22. HP: 254/254 MP: 20/48
    34 | D        | Killed a destroyer
    34 | D        | Reached skill level 27 in Throwing
    34 | D        | Reached skill level 27 in Unarmed Combat
    34 | D        | Reached skill level 27 in Spellcasting
    35 | D        | Reached XP level 23. HP: 262/262 MP: 21/54
    36 | D        | Noticed a destroyer
    37 | D        | Killed a destroyer
    38 | D        | Reached XP level 24. HP: 272/272 MP: 22/54
    39 | D        | Killed a destroyer
    39 | D        | Killed a destroyer
    40 | D        | Noticed a destroyer
    41 | D        | Noticed a destroyer
    41 | D        | Reached XP level 25. HP: 280/280 MP: 22/54
    43 | D        | Killed a destroyer
    43 | D        | Reached XP level 26. HP: 290/290 MP: 23/54
    44 | D        | Noticed a destroyer
    44 | D        | Noticed a destroyer
    44 | D        | Noticed a destroyer
    46 | D        | Noticed a destroyer
    46 | D        | Killed a destroyer
    46 | D        | Reached XP level 27. HP: 298/298 MP: 24/54
    47 | D        | Killed a destroyer
    47 | D        | Killed a destroyer
    48 | D        | Killed a destroyer
    49 | D        | Noticed a destroyer
    49 | D        | Noticed a tyrant
    52 | D        | Killed a destroyer
    53 | D        | Noticed a destroyer
    54 | D        | Noticed a destroyer
    54 | D        | Killed a tyrant
    55 | D        | Noticed a destroyer
    55 | D        | Killed a destroyer
    57 | D        | Killed a destroyer
    61 | D        | Killed a destroyer
    66 | D        | Noticed The Captor
    67 | D        | Noticed a meat beast
    68 | D        | Killed a destroyer
    69 | D        | Noticed an accursed
    71 | D        | Noticed a dread
    71 | D        | Killed a meat beast
    72 | D        | Noticed a dread
    74 | D        | Noticed a meat beast
    75 | D        | Noticed a meat beast
    78 | D        | Killed an accursed
    80 | D        | Killed a meat beast
    81 | D        | Noticed a destroyer
    81 | D        | Killed a dread
    82 | D        | Killed a meat beast
    83 | D        | Noticed a meat beast
    83 | D        | Killed a dread
    85 | D        | Noticed a meat beast
    85 | D        | Noticed a dread
    85 | D        | Killed a destroyer
    86 | D        | Noticed a meat beast
    86 | D        | Killed The Captor
    87 | D        | Killed a meat beast
    88 | D        | Killed a meat beast
    89 | D        | Noticed a meat beast
    89 | D        | Killed a meat beast
    90 | D        | Noticed a meat beast
    92 | D        | Noticed an accursed
    93 | D        | Noticed a meat beast
    93 | D        | Killed an accursed
    94 | D        | Killed a meat beast
    96 | D        | Noticed a destroyer
    96 | D        | Killed a meat beast
    96 | D        | Killed a meat beast
    99 | D        | Killed a destroyer
   107 | D        | Killed a dread
   113 | D        | Noticed an accursed
   116 | D        | Killed an accursed
   119 | D        | Killed from afar by a scourge

Skill      XL: |  1  2  3  4  5  6  7  8  9 10 11 12 13 14 15 16 17 18 19 20 21 22 |
---------------+-------------------------------------------------------------------+-----
Axes           | 27 | 27.0
Fighting       | 6 17 21 23 27 | 27.0
Armour         | 9 19 26 27 | 27.0
Dodging        | 9 19 26 27 | 27.0
Stealth        | 27 | 27.0
Invocations    | 13 25 27 | 27.0
Evocations     | 13 25 27 | 27.0
Throwing       | 14 19 24 27 | 27.0
Unarmed Combat | 14 19 24 27 | 27.0
Spellcasting   | 13 18 22 27 | 27.0
Translocations | 17 22 27 | 27.0

Action                   |  1- 3 |  4- 6 |  7- 9 | 10-12 | 13-15 | 16-18 | 19-21 | 22-24 | 25-27 || total
-------------------------+-------+-------+-------+-------+-------+-------+-------+-------+-------++-------
Melee: Executioner's axe |     1 |       |       |     1 |     3 |     6 |     7 |     7 |    53 ||    78
Armor: Leather armour    |       |       |       |       |       |       |       |       |     1 ||     1
Dodge: Dodged            |       |       |       |     1 |       |       |     1 |     2 |     5 ||     9
